 Dungeon Crawl Stone Soup version 0.28.0-53-g5a82cb258f (webtiles) character file.

Game seed: 5433751727682426200

182 Plasmagod the Conjurer (level 5, -7/28 HPs)
             Began as a Deep Elf Conjurer on July 23, 2022.
             Mangled by a gnoll
             ... wielding a +0 halberd of venom
              (14 damage)
             ... on level 3 of the Dungeon.
             The game lasted 00:04:24 (1915 turns).

Plasmagod the Conjurer (Deep Elf Conjurer)          Turns: 1915, Time: 00:04:24

Health: -7/28      AC:  3    Str:  4    XL:     5   Next: 35%
Magic:  0/12       EV: 13    Int: 25    God:
Gold:   78         SH:  5    Dex: 19    Spells: 5/11 levels left

rFire   . . .      SeeInvis .   k - staff of cold
rCold   + . .      Faith    .   (no shield)
rNeg    . . .      Spirit   .   a - +0 robe
rPois   .          Reflect  +   (no helmet)
rElec   .          Harm     .   l - +0 cloak
rCorr   .          Rampage  .   (no gloves)
Will    .....                   (no boots)
Stlth   +++.......              c - amulet of reflection
HPRegen 0.09/turn               n - ring "Leny" {Fly Dex+6}
MPRegen 0.13/turn               (no ring)

@: flying
A: no striking features
a: no special abilities


You were on level 3 of the Dungeon.
You visited 1 branch of the dungeon, and saw 3 of its levels.

You collected 78 gold pieces.

Inventory:

Hand Weapons
 e - a +0 short sword
Armour
 a - a +0 robe (worn)
 l - a +0 cloak (worn)
Magical Staves
 k - a staff of cold (weapon)
Jewellery
 c - an amulet of reflection (around neck)
 n - the ring "Leny" (left hand) {Fly Dex+6}
   (You found it on level 3 of the Dungeon)

   [ring of dexterity]

   Dex:       It affects your dexterity (+6).
   Fly:       It grants you flight.
Scrolls
 b - 4 scrolls of identify {unknown}
 d - 2 scrolls of blinking {unknown}
 g - a scroll of torment {unknown}
 j - a scroll of magic mapping {unknown}
 o - a scroll of teleportation {unknown}
Potions
 f - 2 potions of curing
 h - a potion of haste {unknown}
 i - a potion of ambrosia {unknown}
 m - a potion of heal wounds {unknown}
 p - a potion of brilliance {unknown}


   Skills:
 + Level 2.8 Dodging
 + Level 2.9 Stealth
 + Level 3.8 Spellcasting
 + Level 6.3 Conjurations
 * Level 2.6 Hexes


You had 5 spell levels left.
You knew the following spells:

 Your Spells              Type           Power      Damage    Failure   Level
a - Magic Dart            Conj           100%       1d8       1%          1
b - Searing Ray           Conj           72%        2d7       1%          2
c - Dazzling Flash        Conj/Hex       54%        N/A       4%          3

Your spell library contained the following spells:

 Spells                   Type           Power      Damage    Failure   Level
 Beastly Appendage        Tmut           8%         N/A       10%         1
 Wereblood                Tmut           4%         N/A       14%         2
 Fulminant Prism          Conj/Hex       13%        3d9       16%         4
 Iskenderun's Mystic Bla  Conj/Tloc      20%        2d6       26%         4
 Spider Form              Tmut/Pois      4%         N/A       28%         3


Dungeon Overview and Level Annotations

Branches:
Dungeon (3/15)

Altars:

Shops:
D:2 !


Message History

The searing ray hits the gnoll!
The gnoll is heavily wounded. (Press . to maintain the ray.)
The searing ray hits the gnoll.
The gnoll is almost dead.
The searing ray hits the gnoll!
You kill the gnoll!
The gnoll barely misses you. You block the gnoll's attack.
The searing ray misses the gnoll.
The gnoll hits you from afar with a +0 halberd of venom.
The gnoll closely misses you.
The searing ray misses the gnoll.
You finish channelling your searing ray.
You block the gnoll's attack. The gnoll misses you.
Press: ? - help, v - describe, . - travel
Here: a gnoll, wielding a +0 halberd of venom (almost dead)
The floor.
Okay, then.
You hit the gnoll.
The gnoll is almost dead.
You block the gnoll's attack.
You hit the gnoll.
You kill the gnoll!
The gnoll barely misses you.
The gnoll hits you from afar with a +0 halberd of venom!
You are lethally poisoned!
* * * LOW HITPOINT WARNING * * *
You feel very sick.
Aiming: Magic Dart (safe; 1% risk of failure)
Press: ? - help, Q - select action, (/) - cycle Shift-Dir - straight line, f - gnoll
Aim: a gnoll, wielding a +0 halberd of venom (almost dead, 100% to hit)
The magic dart hits the gnoll.
The gnoll is almost dead.
* * * LOW HITPOINT WARNING * * *
You feel very sick. The gnoll barely misses you.
It was a potion of curing.
You feel better.
The gnoll hits you from afar with a +0 halberd of venom!
Ouch! That really hurt!
You die...

.###.####.#
..........#
####.###### #.#
##.## #...##
#.###.###########
#.# ##..........#
#. #..#######@# #
#......# #.#
#.#.###.# #g#
...#.###.###.#
#..(##......##.#
....# #.....g...#
###. #.###..####
# #.# #..# #.#
#....


You could see a gnoll.

Vanquished Creatures
  An ogre (D:3)
  Crazy Yiuf (D:2)
  3 gnolls (D:3)
  An adder (D:2)
  3 worms (D:2)
  A bat (D:2)
  2 endoplasms (D:3)
  A giant cockroach (D:3)
  A hobgoblin (D:2)
  2 jackals (D:2)
  3 ball pythons
  4 kobolds
  7 rats
30 creatures vanquished.

Notes
Turn   | Place    | Note
-------+----------+-------------------------------------------
     0 | D:1      | Plasmagod the Deep Elf Conjurer began the quest for the
                  | Orb.
     0 | D:1      | Reached XP level 1. HP: 10/10 MP: 6/6
   512 | D:2      | Reached XP level 2. HP: 15/15 MP: 0/8
   515 | D:2      | Learned a level 2 spell: Searing Ray
   643 | D:2      | Found Hihydale's Distillery.
   713 | D:2      | Reached skill level 5 in Conjurations
   940 | D:2      | Reached XP level 3. HP: 19/19 MP: 3/9
  1112 | D:2      | Found a runed translucent door.
  1113 | D:2      | Noticed Crazy Yiuf
  1408 | D:2      | Killed Crazy Yiuf
  1409 | D:2      | Reached skill level 1 in Hexes
  1584 | D:3      | Noticed an ogre
  1589 | D:3      | Learned a level 3 spell: Dazzling Flash
  1593 | D:3      | Killed an ogre
  1594 | D:3      | Reached skill level 6 in Conjurations
  1594 | D:3      | Reached XP level 4. HP: 24/24 MP: 3/11
  1594 | D:3      | Reached XP level 5. HP: 28/28 MP: 3/12
  1664 | D:3      | Identified the ring "Leny" {Fly Dex+6}
  1915 | D:3      | Mangled by a gnoll

Illustrated notes

Levels and vault maps discovered:
D:1:      enne_arrival_octagon_isle, layout_rooms, nrook_mini_vaults,
          minmay_misc_feat_tiny
D:2:      layout_loops_cross, serial_shops, shop, grunt_ministairs_15,
          uniq_crazy_yiuf_cottage
D:3:      layout_loops_corners, serial_shops, shop

Skill      XL: |  1  2  3 |
---------------+----------+-----
Conjurations   | 5 6 |  6.3
Hexes          | 2 |  2.6
Dodging        | |  2.8
Stealth        | |  2.9
Spellcasting   | |  3.8

Action                   |  1- 3 |  4- 6 || total
-------------------------+-------+-------++-------
Melee: Staff             |       |     2 ||     2
 Cast: Magic Dart        |    42 |     7 ||    49
       Searing Ray       |     5 |     2 ||     7
  Use: Potion            |       |     1 ||     1
Dodge: Dodged            |     1 |     5 ||     6
Block: Other             |     1 |     3 ||     4
